 Dungeon Crawl Stone Soup version 0.21.1-1-g345015f (webtiles) character file.

2069 tyranidshit the Fighter (level 9, -1/75 HPs)
             Began as a Demonspawn Abyssal Knight on July 25, 2018.
             Was a Priest of Lugonu.
             Killed by nerve-wracking pain
             ... invoked by a shadow imp
              (12 damage)
             ... on level 7 of the Dungeon.
             The game lasted 00:22:05 (5595 turns).

tyranidshit the Fighter (Demonspawn Abyssal Knight) Turns: 5595, Time: 00:22:05

Health: -1/75      AC: 21    Str: 16    XL:     9   Next: 5%
Magic:  0/10       EV:  1    Int: 14    God:    Lugonu [***...]
Gold:   442        SH: 13    Dex: 12    Spells: 8/8 levels left

rFire    . . .     SeeInvis .   a - +1 hand axe
rCold    . . .     Gourm    .   i - +0 large shield
rNeg     . . .     Faith    .   b - +0 plate armour
rPois    .         Spirit   +   n - +1 helmet
rElec    .         Reflect  .   g - +2 cloak
rCorr    .         Harm     .   (no gloves)
MR       .....                  (no boots)
Stlth    ..........             (no amulet)
HPRegen  2.22/turn              (no ring)
MPRegen  0.12/turn              (no ring)

@: very slightly contaminated
A: slimy green scales 2, powered by death 3, magic shield
a: Depart the Abyss, Bend Space, Banish, Renounce Religion


You were on level 7 of the Dungeon.
You worshipped Lugonu.
Lugonu was most pleased with you.
You were not hungry.

You visited 2 branches of the dungeon, and saw 8 of its levels.
You visited the Abyss 1 time.

You collected 442 gold pieces.

Inventory:

Hand Weapons
 a - a +1 hand axe (weapon)
Armour
 b - a +0 plate armour (worn)
 g - a +2 cloak (worn)
 i - a +0 large shield (worn)
 k - a +0 robe
 n - a +1 helmet (worn)
Wands
 h - a wand of paralysis (2)
 l - a wand of iceblast (8)
Scrolls
 d - 6 scrolls of identify
 f - 2 scrolls of blinking
 j - 2 scrolls of amnesia
 m - a scroll of enchant weapon
 o - a scroll of remove curse
Comestibles
 c - 9 rations


   Skills:
 + Level 8.5 Fighting
 - Level 1.7 Axes
 - Level 7.1 Armour
 - Level 0.8 Dodging
 - Level 4.0 Shields
 - Level 2.4 Invocations


You had 8 spell levels left.
You didn't know any spells.

Dungeon Overview and Level Annotations

Branches:
Dungeon (7/15)             Temple (1/1) D:6

Altars:
Kikubaaqudgha
Makhleb
Qazlal
Sif Muna
Uskayaw
Vehumet
Wu Jian
The Shining One


Innate Abilities, Weirdness & Mutations

You are mostly covered in slimy green scales. (AC +3)
You regenerate a lot of health from kills.
When hurt, damage is shared between your health and your magic reserves.


Message History

You block the shadow imp's attack. You block the quokka's attack.
You closely miss the quokka. You barely miss the shadow imp.
The shadow imp hits you but does no damage.
The quokka bites you but does no damage.
The shadow imp gestures at you. Pain shoots through your body!
* * * LOW HITPOINT WARNING * * *
Unknown command.
You miss the quokka. You hit the shadow imp. You block the quokka's attack.
The shadow imp hits you but does no damage.
You block the quokka's attack.
You slash the quokka!
You kill the quokka!
Lugonu accepts your kill.
Your shield and plate armour prevent you from hitting the shadow imp.
The shadow imp hits you but does no damage.
Unknown command.
The shadow imp gestures at you. Pain shoots through your body!
You die...

#..>.###'# ...
#....###.# #.. .#
#........# ... #.#.#
#........# #.. #.#.#
#........#
#..####.#.#
#........#
#.........#
#........# #.......#
#........# #..@....#
#........# #..5....#
#........# #.......#
#........#
#####'#####........#
#................#
#....†...........#
####..........#####.#
#......#####'## #.#
#.###### #.# #.#


You could see a shadow imp.

Vanquished Creatures
  The ghost of Theowulf the Skirmisher, a novice HuWn of Okawaru (D:5)
  A wyvern (D:7)
  An orc warrior (D:6)
  3 ogres
  A bullfrog (D:7)
  4 wights (D:5)
  2 crimson imps (D:5)
  3 howler monkeys (D:7)
  3 hounds
  6 orc wizards
  3 orc priests
  Jessica (D:3)
  A bullfrog skeleton (D:5)
  2 iguanas (D:4)
  Natasha (twice) (D:3)
  5 worker ants
  A hound zombie (D:7)
  A hound skeleton (D:5)
  8 adders
  2 oozes
  2 adder skeletons
  A worm (D:3)
  6 leopard geckos
  18 orcs
  A ball python (D:1)
  7 bats
  8 giant cockroaches
  3 goblins
  10 hobgoblins
  3 quokkas
  6 frilled lizards
  A jackal skeleton (D:6)
  8 kobolds
  A leopard gecko skeleton (D:7)
  A quokka skeleton (D:6)
  9 rats
136 creatures vanquished.

Vanquished Creatures (others)
  An orc wizard (D:3)
1 creature vanquished.

Grand Total: 137 creatures vanquished

Notes
Turn   | Place    | Note
-------+----------+-------------------------------------------
     0 | Abyss:1  | tyranidshit the Demonspawn Abyssal Knight began the quest for the Orb.
     0 | Abyss:1  | Reached XP level 1. HP: 18/18 MP: 2/2
    41 | Abyss:1  | Noticed a large abomination
    44 | Abyss:1  | Noticed a small abomination
    45 | Abyss:1  | Noticed a quasit
    47 | D:1      | Escaped the Abyss
   108 | D:1      | Gained mutation: You are partially covered in slimy green scales. (AC +2) [demonic ancestry]
   108 | D:1      | Reached XP level 2. HP: 7/24 MP: 3/3
   113 | D:1      | Reached * piety under Lugonu
   219 | D:1      | You fall through a shaft!
   291 | D:2      | Reached skill level 4 in Fighting
   431 | D:1      | Gained mutation: You regenerate a little health from kills. [demonic ancestry]
   431 | D:1      | Reached XP level 3. HP: 29/30 MP: 4/4
   959 | D:2      | Found a glowing golden altar of the Shining One.
  1063 | D:2      | Gained mutation: When hurt, damage is shared between your health and your magic reserves. [demonic ancestry]
  1063 | D:2      | Reached XP level 4. HP: 19/38 MP: 5/5
  1131 | D:2      | Found an ancient bone altar of Kikubaaqudgha.
  1266 | D:2      | Reached skill level 5 in Fighting
  2008 | D:3      | Reached ** piety under Lugonu
  2069 | D:3      | Noticed Jessica
  2082 | D:3      | Killed Jessica
  2082 | D:3      | Reached XP level 5. HP: 33/46 MP: 4/6
  2123 | D:3      | Noticed Natasha
  2152 | D:3      | Killed Natasha
  2152 | D:3      | Reached skill level 1 in Shields
  2340 | D:3      | Noticed Natasha
  2346 | D:3      | Killed Natasha
  2359 | D:3      | Found a hide-covered altar of Uskayaw.
  2688 | D:4      | Gained mutation: You regenerate health from kills. [demonic ancestry]
  2688 | D:4      | Reached XP level 6. HP: 46/52 MP: 4/7
  2965 | D:4      | Found a stormy altar of Qazlal.
  3164 | D:5      | Entered Level 5 of the Dungeon
  3187 | D:4      | Gained mutation: You regenerate a lot of health from kills. [demonic ancestry]
  3187 | D:4      | Reached XP level 7. HP: 24/57 MP: 4/8
  3243 | D:5      | Noticed Theowulf's ghost (novice HuWn)
  3341 | D:5      | Found a burning altar of Makhleb.
  3341 | D:5      | Found a radiant altar of Vehumet.
  3459 | D:5      | Reached skill level 5 in Armour
  3548 | D:5      | Killed Theowulf's ghost
  3548 | D:5      | Gained mutation: You are mostly covered in slimy green scales. (AC +3) [demonic ancestry]
  3548 | D:5      | Reached XP level 8. HP: 38/64 MP: 6/9
  3836 | D:5      | Found a deep blue altar of Sif Muna.
  4240 | D:5      | Reached skill level 6 in Fighting
  4492 | D:6      | Found an ornate altar of the Wu Jian Council.
  4695 | D:6      | Reached *** piety under Lugonu
  4807 | D:6      | Reached skill level 7 in Fighting
  5074 | D:6      | Found a staircase to the Ecumenical Temple.
  5088 | Temple   | Entered the Ecumenical Temple
  5336 | D:7      | Reached skill level 8 in Fighting
  5573 | D:7      | Reached XP level 9. HP: 8/75 MP: 1/10
  5595 | D:7      | Killed from afar by a shadow imp

Skill      XL: |  1  2  3  4  5  6  7  8 |
---------------+-------------------------+-----
Fighting       | 4 5 8 |  8.5
Armour         | 2 4 6 7 |  7.1
Shields        | 2 3 4 |  4.0
Axes           | |  1.7
Dodging        | |  0.8
Invocations    | |  2.4

Action                   |  1- 3 |  4- 6 |  7- 9 || total
-------------------------+-------+-------+-------++-------
Melee: Hand axe          |   133 |   239 |   545 ||   917
       Scimitar          |       |       |    98 ||    98
Invok: Depart the Abyss  |     1 |       |       ||     1
Evoke: Wand              |       |       |    11 ||    11
  Use: Scroll            |     5 |     1 |     8 ||    14
       Potion            |     4 |     4 |     5 ||    13
 Stab: Sleeping          |     1 |       |       ||     1
       Paralysed         |       |       |    21 ||    21
  Eat: Ration            |       |     2 |     3 ||     5
       Chunk             |       |     1 |       ||     1
Armor: Leather armour    |    48 |    23 |       ||    71
       Plate armour      |       |   103 |   528 ||   631
       Ring mail         |       |     9 |       ||     9
Dodge: Dodged            |    86 |    19 |    21 ||   126
Block: Large shield      |    45 |   157 |   521 ||   723
